TOP OF THE 1ST |
Joplin Blasters batting - Pitching for Calgary Flames : RHP Nick Munk
|
Pitching: RHP Nick Munk
|
|
Batting: RHB John Normand
|
0-0: Ball 1-0: Called Strike 1-1: Fly out, F5 (Popup, 25F, EV 81.2 MPH)
|
Batting: RHB Mike McClung
|
0-0: Called Strike 0-1: Swinging Strike 0-2: Ball 1-2: Foul Ball, location: 2F 1-2: Strikes out swinging
|
Batting: SHB Gary Woodroffe
|
0-0: Ball 1-0: Foul Ball, location: 2F 1-1: Reached on error, E5 (Groundball, 56S, EV 85.0 MPH)
|
Batting: RHB Cody Marshall
|
0-0: Called Strike 0-1: Swinging Strike 0-2: Strikes out looking
|
Top of the 1st over - 0 runs, 0 hits, 1 error, 1 left on base; Joplin 0 - Calgary 0 |
BOTTOM OF THE 1ST |
Calgary Flames batting - Pitching for Joplin Blasters : RHP Chris Elliott
|
Pitching: RHP Chris Elliott
|
|
Batting: LHB Garrett Dodge
|
0-0: Fly out, F8 (Flyball, 8RD, EV 81.2 MPH)
|
Batting: RHB Peter Frankel
|
0-0: Ball 1-0: Called Strike 1-1: Ball 2-1: Called Strike 2-2: Ground out 6-3 (Groundball, 6, EV 81.9 MPH)
|
Batting: RHB Norinaga Yamakawakamatsu
|
0-0: Ball 1-0: Ball 2-0: Swinging Strike 2-1: Foul Ball, location: 2F 2-2: Strikes out looking
|
Bottom of the 1st over - 0 runs, 0 hits, 0 errors, 0 left on base; Joplin 0 - Calgary 0 |
TOP OF THE 2ND |
Joplin Blasters batting - Pitching for Calgary Flames : RHP Nick Munk
|
Batting: RHB Colin Padgett
|
0-0: Ball 1-0: Ball 2-0: Called Strike 2-1: SOLO HOME RUN (Flyball, 9D, EV 99.4 MPH), Distance : 365 ft
|
Batting: RHB Esteban Acuna
|
0-0: Ball 1-0: Ball 2-0: Ball 3-0: Called Strike 3-1: SINGLE (Groundball, 34D, EV 103.8 MPH)
|
Batting: LHB Josh Lane
|
0-0: Fly out, F9 (Flyball, 9D, EV 100.6 MPH)
|
Batting: LHB Willie Marquez
|
0-0: Ball Esteban Acuna is caught stealing 2nd base 2-6 1-0: Foul Ball, location: 2F 1-1: Ground out 4-3 (Groundball, 4, EV 84.4 MPH)
|
Top of the 2nd over - 1 run, 2 hits, 0 errors, 0 left on base; Joplin 1 - Calgary 0 |
BOTTOM OF THE 2ND |
Calgary Flames batting - Pitching for Joplin Blasters : RHP Chris Elliott
|
Batting: RHB Alejandro Patron
|
0-0: Called Strike 0-1: Swinging Strike 0-2: SOLO HOME RUN (Line Drive, 89XD, EV 111.2 MPH), Distance : 433 ft
|
Batting: LHB Gary Corrales
|
0-0: Ball 1-0: Ball 2-0: Ball 3-0: Called Strike 3-1: Base on Balls
|
Batting: RHB Andy Thomas
|
0-0: SINGLE (Line Drive, 89S, EV 106.9 MPH) Gary Corrales to second
|
Batting: RHB Chad Stady
|
0-0: Swinging Strike 0-1: Ball 1-1: Ball 2-1: Fly out, F9 (Line Drive, 89M, EV 102.5 MPH)
|
Batting: RHB Antonio Martinez
|
0-0: Ball 1-0: Swinging Strike 1-1: Foul Ball, location: 2F 1-2: Strikes out swinging
|
Batting: RHB Pablo Henriquez
|
0-0: Reached on error, E7 (Line Drive, 78M, EV 92.5 MPH) Gary Corrales scores Andy Thomas to third
|
Pitching: LHP Adrian Sanchez
|
|
Batting: LHB Garrett Dodge
|
0-0: Called Strike 0-1: Swinging Strike 0-2: 3-RUN HOME RUN (Flyball, 9D, EV 93.8 MPH), Distance : 362 ft
|
Batting: RHB Peter Frankel
|
0-0: Called Strike 0-1: Called Strike 0-2: Strikes out looking
|
Bottom of the 2nd over - 5 runs, 3 hits, 1 error, 0 left on base; Joplin 1 - Calgary 5 |
TOP OF THE 3RD |
Joplin Blasters batting - Pitching for Calgary Flames : RHP Nick Munk
|
Batting: RHB Danny Jefferies
|
0-0: Called Strike 0-1: Called Strike 0-2: Fly out, F9 (Flyball, 9, EV 86.9 MPH)
|
Batting: RHB John Normand
|
0-0: Ball 1-0: Ball 2-0: Fly out, F2 (Popup, 23F, EV 80.0 MPH)
|
Batting: RHB Mike McClung
|
0-0: Called Strike 0-1: Ball 1-1: Ball 2-1: Foul Ball, location: 2F 2-2: Strikes out looking
|
Top of the 3rd over - 0 runs, 0 hits, 0 errors, 0 left on base; Joplin 1 - Calgary 5 |
BOTTOM OF THE 3RD |
Calgary Flames batting - Pitching for Joplin Blasters : LHP Adrian Sanchez
|
Batting: RHB Norinaga Yamakawakamatsu
|
0-0: Ball 1-0: Ground out 5-3 (Groundball, 5S, EV 65.0 MPH)
|
Batting: RHB Alejandro Patron
|
0-0: Called Strike 0-1: Ball 1-1: SINGLE (Groundball, 6MS, EV 63.8 MPH) (infield hit)
|
Batting: LHB Gary Corrales
|
0-0: Called Strike 0-1: 2-RUN HOME RUN (Flyball, 8RXD, EV 115.0 MPH), Distance : 461 ft
|
Batting: RHB Andy Thomas
|
0-0: Swinging Strike 0-1: Ground out U3 (Groundball, 13, EV 78.8 MPH)
|
Batting: RHB Chad Stady
|
0-0: Called Strike 0-1: Fly out, F8 (Flyball, 8RM, EV 86.9 MPH)
|
Bottom of the 3rd over - 2 runs, 2 hits, 0 errors, 0 left on base; Joplin 1 - Calgary 7 |
TOP OF THE 4TH |
Joplin Blasters batting - Pitching for Calgary Flames : RHP Nick Munk
|
Batting: SHB Gary Woodroffe
|
0-0: Ball 1-0: Ball 2-0: Ball 3-0: Called Strike 3-1: Base on Balls
|
Batting: RHB Cody Marshall
|
0-0: Ball 1-0: Swinging Strike 1-1: SINGLE (Flyball, 5D, EV 88.1 MPH) Gary Woodroffe to second
|
Batting: RHB Colin Padgett
|
0-0: Foul Ball, location: 2F 0-1: Grounds into double play, 5-4-3 (Groundball, 56, EV 90.0 MPH) Gary Woodroffe to third
|
Batting: RHB Esteban Acuna
|
0-0: Ball 1-0: Ground out 6-3 (Groundball, 6, EV 93.1 MPH)
|
Top of the 4th over - 0 runs, 1 hit, 0 errors, 1 left on base; Joplin 1 - Calgary 7 |
BOTTOM OF THE 4TH |
Calgary Flames batting - Pitching for Joplin Blasters : LHP Adrian Sanchez
|
Batting: RHB Antonio Martinez
|
0-0: Ground out 5-3 (Groundball, 56S, EV 70.6 MPH)
|
Batting: RHB Pablo Henriquez
|
0-0: Ball 1-0: Ball 2-0: Called Strike 2-1: SINGLE (Flyball, 78S, EV 96.9 MPH)
|
Batting: LHB Garrett Dodge
|
0-0: Called Strike 0-1: Called Strike 0-2: Ball 1-2: Hit by Pitch Pablo Henriquez to second
|
Batting: RHB Peter Frankel
|
0-0: Ball 1-0: Ball 2-0: Ball 3-0: Called Strike 3-1: Base on Balls Pablo Henriquez to third Garrett Dodge to second
|
Batting: RHB Norinaga Yamakawakamatsu
|
0-0: Ball 1-0: Swinging Strike 1-1: Ball 2-1: Swinging Strike 2-2: Ball 3-2: SINGLE (Groundball, 6MD, EV 96.2 MPH) Pablo Henriquez scores Garrett Dodge to third Peter Frankel to second Runner from 3rd tries for Home, SAFE, throw by CF to home
|
Pitching: RHP Brian Owens
|
|
Batting: RHB Alejandro Patron
|
0-0: Called Strike 0-1: Ball 1-1: Swinging Strike 1-2: Strikes out swinging
|
Batting: LHB Gary Corrales
|
0-0: Called Strike 0-1: Foul Ball, location: 2F 0-2: Ground out 4-3 (Groundball, 34, EV 89.4 MPH)
|
Bottom of the 4th over - 2 runs, 2 hits, 0 errors, 2 left on base; Joplin 1 - Calgary 9 |
TOP OF THE 5TH |
Joplin Blasters batting - Pitching for Calgary Flames : RHP Nick Munk
|
Batting: LHB Josh Lane
|
0-0: Swinging Strike 0-1: Swinging Strike 0-2: Strikes out swinging
|
Batting: LHB Willie Marquez
|
0-0: Foul Ball, location: 2F 0-1: Swinging Strike 0-2: Strikes out swinging
|
Batting: RHB Danny Jefferies
|
0-0: Ball 1-0: Called Strike 1-1: Ball 2-1: Ball 3-1: Base on Balls
|
Batting: RHB John Normand
|
0-0: Ball 1-0: Called Strike 1-1: Ball 2-1: Foul Ball, location: 2F 2-2: Foul Ball, location: 2F 2-2: Ball 3-2: Foul Ball, location: 2F 3-2: Strikes out swinging
|
Top of the 5th over - 0 runs, 0 hits, 0 errors, 1 left on base; Joplin 1 - Calgary 9 |
BOTTOM OF THE 5TH |
Calgary Flames batting - Pitching for Joplin Blasters : RHP Brian Owens
|
Batting: RHB Andy Thomas
|
0-0: Ball 1-0: Called Strike 1-1: Swinging Strike 1-2: Strikes out looking
|
Batting: RHB Chad Stady
|
0-0: Ball 1-0: Ball 2-0: Ball 3-0: Called Strike 3-1: Called Strike 3-2: Ground out 5-3 (Groundball, 56S, EV 62.5 MPH)
|
Batting: RHB Antonio Martinez
|
0-0: Ball 1-0: Called Strike 1-1: Ground out 3-1 (Groundball, 34S, EV 76.9 MPH)
|
Bottom of the 5th over - 0 runs, 0 hits, 0 errors, 0 left on base; Joplin 1 - Calgary 9 |
TOP OF THE 6TH |
Joplin Blasters batting - Pitching for Calgary Flames : RHP Nick Munk
|
Batting: RHB Mike McClung
|
0-0: Swinging Strike 0-1: Foul Ball, location: 2F 0-2: Ball 1-2: Fly out, F7 (Flyball, 78S, EV 83.1 MPH)
|
Batting: SHB Gary Woodroffe
|
0-0: Ball 1-0: Swinging Strike 1-1: Ball 2-1: Ball 3-1: Called Strike 3-2: Strikes out swinging, 2-3 out at first.
|
Batting: RHB Cody Marshall
|
0-0: Swinging Strike 0-1: Swinging Strike 0-2: Ball 1-2: Ball 2-2: Strikes out looking
|
Top of the 6th over - 0 runs, 0 hits, 0 errors, 0 left on base; Joplin 1 - Calgary 9 |
BOTTOM OF THE 6TH |
Calgary Flames batting - Pitching for Joplin Blasters : RHP Brian Owens
|
Batting: RHB Pablo Henriquez
|
0-0: Swinging Strike 0-1: Ball 1-1: Foul Ball, location: 2F 1-2: Strikes out swinging
|
Batting: LHB Garrett Dodge
|
0-0: Swinging Strike 0-1: Ball 1-1: Foul Ball, location: 2F 1-2: Fly out, F8 (Flyball, 78D, EV 87.5 MPH)
|
Batting: RHB Peter Frankel
|
0-0: Called Strike 0-1: Ball 1-1: Swinging Strike 1-2: Ball 2-2: Strikes out swinging
|
Bottom of the 6th over - 0 runs, 0 hits, 0 errors, 0 left on base; Joplin 1 - Calgary 9 |
TOP OF THE 7TH |
Joplin Blasters batting - Pitching for Calgary Flames : RHP Nick Munk
|
Batting: RHB Colin Padgett
|
0-0: Called Strike 0-1: Ball 1-1: Fly out, F4 (Flyball, 34D, EV 88.1 MPH)
|
Batting: RHB Esteban Acuna
|
0-0: Called Strike 0-1: Foul Ball, location: 2F 0-2: Ground out 6-3 (Groundball, 6, EV 81.9 MPH)
|
Batting: LHB Josh Lane
|
0-0: Called Strike 0-1: Ball 1-1: Fly out, F9 (Flyball, 89M, EV 91.9 MPH)
|
Top of the 7th over - 0 runs, 0 hits, 0 errors, 0 left on base; Joplin 1 - Calgary 9 |
BOTTOM OF THE 7TH |
Calgary Flames batting - Pitching for Joplin Blasters : RHP Brian Owens
|
Batting: RHB Norinaga Yamakawakamatsu
|
0-0: Called Strike 0-1: Ball 1-1: Called Strike 1-2: Ground out 5-3 (Groundball, 56, EV 85.6 MPH)
|
Batting: RHB Alejandro Patron
|
0-0: Fly out, F7 (Flyball, 78D, EV 83.1 MPH)
|
Batting: LHB Gary Corrales
|
0-0: Called Strike 0-1: SOLO HOME RUN (Flyball, 7LD, EV 96.2 MPH), Distance : 361 ft
|
Batting: RHB Andy Thomas
|
0-0: Called Strike 0-1: Swinging Strike 0-2: Strikes out swinging
|
Bottom of the 7th over - 1 run, 1 hit, 0 errors, 0 left on base; Joplin 1 - Calgary 10 |
TOP OF THE 8TH |
Joplin Blasters batting - Pitching for Calgary Flames : RHP Nick Munk
|
Batting: LHB Willie Marquez
|
0-0: Called Strike 0-1: Ball 1-1: Ball 2-1: Ground out 6-3 (Groundball, 6M, EV 81.2 MPH)
|
Pinch Hitting: RHB Tanner Holland
|
0-0: Ball 1-0: Ball 2-0: Ball 3-0: Base on Balls
|
Pinch Hitting: RHB Bobby Leon
|
0-0: Foul Ball, location: 2F 0-1: Ball 1-1: Ball 2-1: Swinging Strike 2-2: Reached on error, E6 (Groundball, 6, EV 92.5 MPH) Tanner Holland to second
|
Pitching: RHP Tony Morales
|
|
Batting: RHB Mike McClung
|
0-0: Called Strike 0-1: Swinging Strike 0-2: Strikes out looking
|
Pinch Hitting: RHB Nate Brewer
|
0-0: Ball 1-0: Foul Ball, location: 2F 1-1: Called Strike 1-2: Foul Ball, location: 2F 1-2: Foul Ball, location: 2F 1-2: Ball 2-2: Fly out, F9 (Flyball, 9LM, EV 106.2 MPH)
|
Top of the 8th over - 0 runs, 0 hits, 1 error, 2 left on base; Joplin 1 - Calgary 10 |
BOTTOM OF THE 8TH |
Calgary Flames batting - Pitching for Joplin Blasters : RHP Brian Owens
|
Now at 3B: Nate Brewer
|
|
Now at SS: Bobby Leon
|
|
Now in RF: Mike Stokes
|
|
Batting: RHB Chad Stady
|
0-0: SINGLE (Groundball, 56D, EV 96.2 MPH)
|
Pitching: RHP Billy Emerson
|
|
Batting: RHB Antonio Martinez
|
0-0: Called Strike 0-1: Ball 1-1: Fly out, F7 (Flyball, 7S, EV 85.6 MPH)
|
Pinch Hitting: RHB Juan Mercado
|
0-0: Ball 1-0: Fly out, F9 (Flyball, 9LM, EV 90.0 MPH)
|
Batting: LHB Garrett Dodge
|
0-0: Called Strike 0-1: SINGLE (Groundball, 6M, EV 97.5 MPH) Chad Stady to second
|
Batting: RHB Peter Frankel
|
0-0: Swinging Strike 0-1: Ball 1-1: Swinging Strike 1-2: Ball 2-2: Foul Ball, location: 2F 2-2: Foul Ball, location: 2F 2-2: Ball 3-2: Base on Balls Chad Stady to third Garrett Dodge to second
|
Batting: RHB Norinaga Yamakawakamatsu
|
0-0: Foul Ball, location: 2F 0-1: Ball 1-1: Fly out, F3 (Popup, 23F, EV 93.1 MPH)
|
Bottom of the 8th over - 0 runs, 2 hits, 0 errors, 3 left on base; Joplin 1 - Calgary 10 |
TOP OF THE 9TH |
Joplin Blasters batting - Pitching for Calgary Flames : RHP Tony Morales
|
Now at 2B: Tyler Johnson
|
|
Pinch Hitting: RHB Dustin Peterson
|
0-0: Called Strike 0-1: Ball 1-1: Swinging Strike 1-2: Foul Ball, location: 2F 1-2: Foul Ball, location: 2F 1-2: Strikes out looking
|
Batting: RHB Colin Padgett
|
0-0: Called Strike 0-1: Called Strike 0-2: Ball 1-2: Ball 2-2: Strikes out swinging
|
Pinch Hitting: RHB Leo Lopez
|
0-0: Fly out, F7 (Flyball, 78M, EV 74.4 MPH)
|
Top of the 9th over - 0 runs, 0 hits, 0 errors, 0 left on base; Joplin 1 - Calgary 10 |
|